 Dungeon Crawl Stone Soup version 0.30.1-11-g7821555f0a (webtiles) character file.

Game seed: 7536930271566429545

25 hawla the Digger (level 3, -11/26 HPs)
             Began as a Meteoran Earth Elementalist on Jan 10, 2024.
             Mangled by an ogre
             ... wielding a +0 giant club
              (15 damage)
             ... on level 4 of the Dungeon.
             The game lasted 00:04:03 (445 turns).

hawla the Digger (Meteoran Earth Elementalist)       Turns: 445, Time: 00:04:04

Health: -11/26     AC:  2    Str:  9    XL:     3   Next: 38%
Magic:  4/8        EV: 12    Int: 19    God:
Gold:   35         SH:  0    Dex: 14    Spells: 1/7 levels left

rFire   . . .        (no weapon)
rCold   . . .        (no shield)
rNeg    . . .        a - +0 robe
rPois   .            (no helmet)
rElec   .            (no cloak)
rCorr   .            (no gloves)
SInv    .            (no boots)
Will    .....        (no amulet)
Stlth   +            (no ring)
HPRegen 0.24/turn    (no ring)
MPRegen 0.11/turn

%: no passive effects
@: very slightly contaminated, glowing
A: sense surroundings 1, otherworldly, glowing, explore regen
a: no special abilities


You were on level 4 of the Dungeon.
You visited 1 branch of the dungeon, and saw 4 of its levels.

You collected 35 gold pieces.

Inventory:

Armour
 a - a +0 robe (worn)
Scrolls
 c - 2 scrolls of identify


   Skills:
 - Level 2.5 Dodging
 - Level 1.4 Stealth
 - Level 2.9 Spellcasting
 + Level 1.4 Conjurations
 - Level 1.6 Transmutations
 - Level 4.3 Earth Magic


You had one spell level left.
You knew the following spells:

 Your Spells              Type           Power      Damage    Failure   Level
a - Sandblast             Erth           38%        2d10      2%          1
b - Passwall              Tmut/Erth      11%        N/A       7%          2
c - Stone Arrow           Conj/Erth      26%        3d8       14%         3

Your spell library contained the following spells:

 Spells                   Type           Power      Damage    Failure   Level
 Slow                     Hex            8%         N/A       16%         1
 Petrify                  Tmut/Erth      14%        N/A       41%         4
 Confusing Touch          Hex            2%         N/A       43%         3
 Vampiric Draining        Necr           2%         2d6       43%         3


Dungeon Overview and Level Annotations

Branches:
Dungeon (4/15) Zot: 1946
 Temple: D:4-7

Altars:

Shops:
D:2 (

Annotations:
D:4 Eustachio


Innate Abilities, Weirdness & Mutations

You passively map a small area around you.
You are easily found by Zot.
You glow in the dark.
You regain HP and MP as you explore.


Message History

Casting: Sandblast (safe; 2% risk of failure)
Confirm with . or Enter, or press ? or * to list all spells.
You don't know that spell.
Casting: Sandblast (safe; 2% risk of failure)
Confirm with . or Enter, or press ? or * to list all spells.
Aiming: Sandblast (safe; 2% risk of failure)
Press: ? - help, Shift-Dir - straight line, f/p - hound
Aim: a hound (almost dead, 75% to hit)
The blast of sand hits the hound but does no damage.
The hound is almost dead.
The hound bites you but does no damage.
Eustachio mumbles some strange words.
Eustachio blinks!
The hound misses you. The ogre hits you with a +0 giant club!
Ouch! That really hurt!
* * * LOW HITPOINT WARNING * * *
Unknown command.
Okay, then.
You aren't carrying any potions.
Unknown command.
The hound barely misses you. The hound barely misses you.
Casting: Sandblast (safe; 2% risk of failure)
Confirm with . or Enter, or press ? or * to list all spells.
Aiming: Passwall (safe; 7% risk of failure)
Press: ? - help, Dir - move target, p - hound A rock wall.
You miscast Passwall.
You are very lightly contaminated with residual magic.
Nothing appears to happen.
The hound bites you.
* * * LOW HITPOINT WARNING * * *
Casting: Passwall (safe; 7% risk of failure)
Confirm with . or Enter, or press ? or * to list all spells.
Aiming: Passwall (safe; 7% risk of failure)
Press: ? - help, Dir - move target A rock wall.
The hound bites you.
* * * LOW HITPOINT WARNING * * *
The ogre hits you with a +0 giant club!
Ouch! That really hurt!
You die...

######## * * #......# *
* ## ,+......# , ,, #.
#......# ,#. , , ,
#@.....# , ,, #. ,
#hO....# , , #.
#r.....###+######. ,
*##@###.........##.
...@...)).#.........#..
........).#.........#..
.....r....#.........#..
,
..........#.........#..
,
..........#.........#..


You could see Eustachio, an ogre, a hound and a quokka.

Vanquished Creatures
  An adder (D:2)
  3 orcs (D:4)
  An endoplasm (D:3)
  A goblin (D:3)
  2 hobgoblins
  A ball python (D:2)
  2 bats (D:2)
  A frilled lizard (D:3)
  A rat (D:1)
13 creatures vanquished.

Notes
Turn   | Place    | Note
-------+----------+-------------------------------------------
     0 | D:1      | hawla the Meteoran Earth Elementalist began the quest for
                  | the Orb.
     0 | D:1      | Reached XP level 1. HP: 14/14 MP: 5/5
   153 | D:2      | Reached skill level 4 in Earth Magic
   153 | D:2      | Reached XP level 2. HP: 20/20 MP: 3/6
   156 | D:2      | Learned a level 2 spell: Passwall
   199 | D:2      | Found Qioqacam's Antique Weapon Shoppe.
   243 | D:3      | Reached XP level 3. HP: 26/26 MP: 6/8
   247 | D:3      | Learned a level 3 spell: Stone Arrow
   434 | D:4      | Reached skill level 1 in Conjurations
   434 | D:4      | Noticed an ogre
   435 | D:4      | Noticed Eustachio
   445 | D:4      | Mangled by an ogre

Illustrated notes

Levels and vault maps discovered:
D:1:      noname_arrival_rooms_in_the_neighbourhood, layout_basic
D:2:      layout_loops_corners, serial_shops, nicolae_square_shop,
          columned_hall_lemuel, kennysheep_potato
D:3:      layout_basic, gammafunk_ghost_nasty_kobolds,
          shapermc_ecumenical_altar_gd, corexii_leaking_fountain,
          minmay_goblin_outpost
D:4:      layout_gridville, uniq_eustachio

Skill      XL: |  1  2  3 |
---------------+----------+-----
Earth Magic    | 4 |  4.3
Conjurations   | 1 |  1.4
Dodging        | |  2.5
Stealth        | |  1.4
Spellcasting   | |  2.9
Transmutations | |  1.6

Action                     || total
---------------------------++-------
   Cast: Sandblast         ||    16
         Passwall          ||     3
         Stone Arrow       ||     2
    Use: Scroll            ||     1
         Potion            ||     1
 Armour: Robe              ||     4
  Dodge: Dodged            ||     8
